 Dungeon Crawl Stone Soup version 0.15-a0-35-ga771cbd (webtiles) character file.

220 4tharraofdagon the Chopper (level 5, 8/46 HPs)
             Began as a Minotaur Gladiator on Apr 2, 2014.
             Quit the game on Level 5 of the Dungeon.
             The game lasted 00:02:12 (395 turns).

4tharraofdagon the Chopper (Minotaur Gladiator)      Turns: 395, Time: 00:02:12

HP   8/46        AC  4     Str 19      XL: 5   Next: 34%
MP   2/2         EV 12     Int  6      God:
Gold 38          SH  0     Dex 11      Spells:  0 memorised,  4 levels left

rFire  . . .     SeeInvis .     a - +1,+0 war axe
rCold  + . .     Clarity  .     b - +0 leather armour
rNeg   . . .     Conserve .     (no shield)
rPois  .         rCorr    .     c - +0 hat
rElec  .         rRot     .     h - +0 cloak (curse)
SustAb . .       Spirit   .     (no gloves)
rMut   .         Warding  .     (no boots)
Saprov . . .     Stasis   .     (no amulet)
MR     .....                    (no ring)
                                j - ring of protection from cold {unknown}

@: not resistant to hostile enchantments, very unstealthy
A: retaliatory headbutt, horns 2
a: no special abilities


You were on level 5 of the Dungeon.
You were not hungry.

You visited 1 branch of the dungeon, and saw 5 of its levels.

You collected 38 gold pieces.

Inventory:

Hand weapons
 a - a +1,+0 war axe (weapon)
Missiles
 d - 2 throwing nets (quivered)
 g - 10 darts
Armour
 b - a +0 leather armour (worn)
 c - a +0 hat (worn)
 h - a cursed +0 cloak (worn)
 l - the +2 hat of the High Council {Archmagi, Wiz- Stlth-}
   (You acquired it on level 5 of the Dungeon)

   It makes you less stealthy.
Comestibles
 f - a bread ration
 k - a pear
Scrolls
 e - a scroll of identify {unknown}
 i - 2 scrolls of enchant weapon I
Jewellery
 j - a ring of protection from cold (left hand) {unknown}


   Skills:
 + Level 3.9 Fighting
 * Level 5.9 Axes
 - Level 2.0 Throwing
 + Level 2.6 Armour
 - Level 3.2 Dodging


You had 4 spell levels left.
You didn't know any spells.

Dungeon Overview and Level Annotations

Branches:
Dungeon (5/15)
 Temple: D:4-7

Altars:


Innate Abilities, Weirdness & Mutations

You reflexively headbutt those who attack you in melee.
You have a pair of horns on your head.


Message History

You close the door!
You aren't carrying any potions!
Read which item? (? for menu, Esc to quit)
As you read the scroll labeled PIPSIO PNEKLAO, it crumbles to dust!
It is a scroll of enchant weapon I!
Enchant which weapon? (? for menu, Esc to quit)
Your +0,+0 war axe glows green for a moment!
Something unseen opens the door!
Read which item? (? for menu, Esc to quit)
As you read the scroll labeled TRIUGYMOGA, it crumbles to dust!
This is a scroll of acquirement!!! [a] Weapon [b] Armour [c] Jewellery [d] Book [e] Staff [f] Wand [g] Miscellaneous [h] Food [i] Gold [j] Ammunition What kind of item would you like to acquire? (\ to view known items)
Something appears at your feet!!!
l - the +2 hat of the High Council {Archmagi, Wiz- Stlth-} The orc priest invokes the aid of Beogh against you!
Something smites you!!!
* * * LOW HITPOINT WARNING * * *
Are you sure you want to abandon this character and quit the game? (Confirm with "yes"!)

. ... ... .o #####.##
#####+####
#.....o######.........#
+......#.oo.o.........#
#......#.####.........#
#.....o'.# #@........#
#......### #.........#
#......# #........(#
#......# #.........#
#......# ######'####
#####+## #.# #.## #..#
##.#


You could see an orc priest.

Vanquished Creatures
  An ogre (D:4)
  A crimson imp (D:5)
  A worker ant (D:4)
  An adder (D:3)
  A worm (D:4)
  An orc skeleton (D:5)
  2 giant geckos
  An orc (D:4)
  A bat (D:4)
  4 kobolds
  A ball python (D:1)
  A giant cockroach (D:4)
  A giant newt (D:5)
  6 rats (D:1)
23 creatures vanquished.

Notes
Turn   | Place    | Note
--------------------------------------------------------------
     0 | D:1      | 4tharraofdagon, the Minotaur Gladiator, began the quest for the Orb.
     0 | D:1      | Reached XP level 1. HP: 18/18 MP: 1/1
   117 | D:3      | Reached skill level 4 in Axes
   117 | D:3      | Reached skill level 1 in Armour
   117 | D:3      | Reached XP level 2. HP: 22/25 MP: 1/1
   186 | D:4      | Reached XP level 3. HP: 29/31 MP: 2/2
   268 | D:4      | Noticed an ogre
   279 | D:4      | Killed an ogre
   279 | D:4      | Reached skill level 5 in Axes
   279 | D:4      | Reached XP level 4. HP: 15/40 MP: 2/2
   279 | D:4      | Reached XP level 5. HP: 17/46 MP: 2/2
   336 | D:5      | Entered Level 5 of the Dungeon
   393 | D:5      | Identified a scroll of acquirement
   395 | D:5      | Quit the game

Action                   |  1- 3 |  4- 6 || total
-------------------------+-------+-------++-------
Melee: War axe           |    40 |     5 ||    45
Throw: Throwing net      |     3 |       ||     3
  Use: Potion            |     1 |       ||     1
       Scroll            |       |     2 ||     2
 Stab: Held in net/web   |     1 |       ||     1
